details: 'another perch attempt fails when opponent reaches the end of his cookie cutter build and QQ'

« prev index next »

General information

Mini Map

Players

team 1
Random» Humanreggie_miller (pink | 39 APM | 1056 actions | 26:59)
Hero icon 5 Paladin
Ability icon 3 Devotion Aura
Ability icon 1 Holy Light
Ability icon 1 Divine Shield
Hero icon 4 Archmage
Ability icon 2 Summon Water Elemental
Ability icon 1 Brilliance Aura
Ability icon 1 Blizzard

» actions
Assign group hotkey23
Basic commands2
Build / train73
Enter build submenu24
Enter hero's abilities submenu9
Give item / drop item4
Remove unit from queue5
Right click301
Select / deselect284
Select group hotkey237
Use ability93
1056 total
» units
Peasant8
Footman5
Rifleman10
Goblin Shredder1
Priest4
Sorceress6
Mortar Team3
37 total
» upgrades
Defend1
Priest Training2
Sorceress Training2
Armor2
Plating3
Swords3
Gunpowder2
Animal War Training1
16 total
» buildings
Altar of Kings1
Barracks1
Farm15
Arcane Vault1
Scout Tower10
Lumber Mill1
Blacksmith1
Guard Tower1
Keep1
Town Hall5
Arcane Sanctum2
Workshop1
Castle1
41 total
» build order
00:23 Altar of Kings
00:25 Barracks
00:28 Farm
00:45 Farm
01:17 Farm
02:21 Arcane Vault
02:29 Scout Tower
02:30 Scout Tower
03:11 Lumber Mill
03:27 Blacksmith
04:26 Farm
04:27 Farm
04:28 Farm
04:52 Guard Tower
05:23 Keep
06:42 Farm
06:44 Farm
06:45 Farm
07:55 Town Hall
08:18 Arcane Sanctum
08:27 Workshop
11:04 Castle
11:12 Scout Tower
11:12 Scout Tower
11:13 Scout Tower
11:14 Scout Tower
13:28 Arcane Sanctum
13:51 Guard Tower
15:03 Scout Tower
15:04 Scout Tower
16:37 Guard Tower
16:41 Scout Tower
16:41 Scout Tower
17:12 Guard Tower
17:32 Farm
17:33 Farm
17:37 Farm
17:38 Farm
17:45 Guard Tower
17:55 Town Hall
18:54 Farm
18:55 Farm
20:09 Town Hall
21:06 Town Hall
26:16 Town Hall
» items
Scroll of Regeneration2
2 total
team 2
Humanpps.0 (yellow | 67 APM | 1797 actions | 27:01)
Hero icon 7 Dark Ranger
Ability icon 3 Black Arrow
Ability icon 2 Silence
Ability icon 2 Life Drain
Hero icon 3 Archmage
Ability icon 1 Summon Water Elemental
Ability icon 2 Brilliance Aura
Hero icon 1 Mountain King
Ability icon 1 Storm Bolt

» actions
Assign group hotkey46
Basic commands107
Build / train112
ESC pressed5
Enter build submenu49
Enter hero's abilities submenu10
Give item / drop item3
Right click574
Select / deselect386
Select group hotkey263
Use ability242
1797 total
» units
Peasant18
Footman12
Forest Troll Berserker1
Forest Troll Shadow Priest1
Goblin Shredder1
Ogre Mauler1
Goblin Zeppelin2
Goblin Sapper3
Gryphon Rider3
Sorceress2
Dragonhawk Rider1
Knight2
47 total
» upgrades
Defend2
Masonry3
Swords3
Animal War Training1
Sorceress Training2
Storm Hammers1
Armor2
Magic Sentry1
Cloud1
Priest Training1
17 total
» buildings
Barracks1
Farm19
Altar of Kings1
Scout Tower34
Lumber Mill1
Town Hall2
Arcane Vault2
Arcane Tower4
Keep1
Guard Tower8
Blacksmith1
Castle1
Gryphon Aviary3
Arcane Sanctum1
79 total
» build order
00:05 Barracks
00:28 Farm
00:30 Farm
01:06 Altar of Kings
01:40 Farm
02:04 Scout Tower
02:31 Farm
03:10 Lumber Mill
04:03 Town Hall
04:13 Scout Tower
04:25 Arcane Vault
04:27 Arcane Vault
05:30 Arcane Tower
05:39 Farm
06:33 Arcane Tower
08:01 Scout Tower
08:02 Scout Tower
08:04 Scout Tower
08:05 Scout Tower
08:06 Scout Tower
08:07 Scout Tower
08:07 Scout Tower
08:14 Scout Tower
08:15 Scout Tower
08:17 Scout Tower
08:18 Scout Tower
08:18 Scout Tower
08:19 Scout Tower
08:20 Scout Tower
08:20 Scout Tower
08:33 Keep
09:34 Guard Tower
09:35 Arcane Tower
09:36 Guard Tower
09:38 Guard Tower
09:41 Farm
09:41 Farm
09:42 Farm
09:42 Farm
09:42 Farm
10:22 Blacksmith
10:58 Castle
11:07 Gryphon Aviary
11:08 Gryphon Aviary
11:17 Guard Tower
11:19 Farm
11:19 Farm
11:20 Farm
11:21 Farm
11:28 Farm
11:28 Farm
11:29 Farm
11:30 Farm
11:31 Farm
12:12 Arcane Sanctum
13:16 Gryphon Aviary
19:10 Scout Tower
19:11 Scout Tower
19:13 Scout Tower
19:13 Scout Tower
20:03 Town Hall
20:06 Scout Tower
20:08 Scout Tower
20:09 Scout Tower
20:10 Scout Tower
20:10 Scout Tower
20:11 Scout Tower
20:12 Scout Tower
20:54 Guard Tower
20:57 Scout Tower
20:58 Scout Tower
21:02 Guard Tower
22:30 Arcane Tower
22:31 Guard Tower
22:37 Scout Tower
22:40 Scout Tower
22:40 Scout Tower
22:41 Scout Tower
23:23 Guard Tower
» items
Scroll of Regeneration2
Mechanical Critter2
Scroll of Healing2
Scroll of Town Portal2
Tome of Retraining1
Boots of Speed1
Potion of Healing1
Potion of Lesser Invulnerability1
Periapt of Vitality1
Orb of Fire1
Staff of Sanctuary1
15 total